Map: Kairos Junction LE

Players

Future

  • Race: Terran Terran
  • Spawn Location: 11:00

ShaDoWn - Winner!

  • Race: Protoss Protoss
  • Spawn Location: 5:00

Event: 2019 WCS Summer

VOD

Have the link to the VOD?

Description

Time

  • Played on: July 13, 2019, 7:32 a.m.
  • Length: 11:28

All games in this series

Show
View Real Time Build Order
Export as new Build Order

Future Terran 

Build Orders: Reaper Expand 

Get SALT Encoding   

  12  0:00  SCV  
  13  0:12  Supply Depot  
  13  0:17  SCV  
  14  0:30  SCV  
  14  0:35  Barracks  
  15  0:41  Refinery  
  15  0:45  SCV  
  17  0:57  SCV  
  17  1:09  SCV  
  18  1:22  Orbital Command  
  18  1:24  Reaper  
  19  1:49  Command Center  
  19  1:51  SCV  
  20  1:57  Barracks Reactor  
  20  2:03  SCV  
  20  2:06  Supply Depot  
  21  2:15  SCV  
  22  2:16  Refinery  
  22  2:20  Factory  
  22  2:27  SCV  
  23  2:34  Marine, Bunker  
  23  2:35  Marine  
  25  2:40  SCV  
  25  2:52  Marine, SCV  
  25  2:53  Marine  
  28  3:01  Orbital Command  
  28  3:04  SCV  
  29  3:08  Widow Mine  
  31  3:16  SCV  
  32  3:22  Starport  
  32  3:23  Marine x2  
  34  3:28  SCV x2  
  34  3:30  Widow Mine  
  38  3:36  Supply Depot  
  38  3:40  SCV  
  38  3:41  Marine x2, SCV  
  42  3:49  Supply Depot  
  42  3:52  Widow Mine, SCV  
  42  3:53  SCV  
  46  3:59  Medivac  
  48  4:04  Barracks  
  48  4:06  SCV  
  48  4:07  Marine, SCV  
  48  4:09  Marine  
  52  4:15  Factory Tech Lab  
  52  4:18  SCV  
  52  4:19  SCV  
  52  4:20  Supply Depot  
  54  4:25  Barracks  
  54  4:29  Marine x2  
  54  4:30  SCV  
  54  4:31  SCV  
  58  4:40  Factory Tech Lab, Engineering Bay  
  58  4:42  SCV  
  58  4:43  SCV  
  58  4:45  Raven  
  62  4:48  Supply Depot  
  62  4:50  Refinery  
  62  4:54  SCV  
  62  4:55  SCV  
  62  4:56  Marine x2  
  66  5:03  Stimpack  
  66  5:05  Marauder  
  66  5:06  SCV  
  69  5:07  SCV, Terran Infantry Weapons Level 1  
  69  5:09  Supply Depot  
  70  5:17  Factory Reactor  
  70  5:18  SCV  
  70  5:19  SCV  
  70  5:20  Marine x2  
  74  5:24  Supply Depot  
  74  5:25  Refinery  
  76  5:28  Marauder  
  76  5:30  SCV  
  76  5:31  SCV  
  76  5:34  Marauder  
  80  5:37  Starport Reactor  
  80  5:38  Combat Shield  
  80  5:41  Supply Depot  
  80  5:42  Marine  
  81  5:44  Marine  
  84  5:50  Marauder  
  84  5:54  Widow Mine x2  
  84  5:56  Marauder, Supply Depot  
  90  6:00  Marine  
  90  6:02  Marine  
  90  6:03  Supply Depot  
  91  6:14  Medivac x2  
  95  6:20  Marine x2, Marauder x2, Command Center  
  95  6:23  Widow Mine  
  103  6:27  Widow Mine  
  102  6:40  Marine x2, Supply Depot  
  102  6:41  Marauder x2  
  102  6:44  Medivac x2  
  102  6:45  Widow Mine  
  113  6:56  Barracks, SCV x2  
  113  6:57  Barracks  
  114  7:02  Marine x2  
  114  7:07  Marauder x2, Liberator  
  120  7:09  SCV  
  120  7:12  SCV  
  126  7:24  SCV  
  126  7:31  SCV, Supply Depot  
  126  7:32  Liberator  
  126  7:36  SCV  
  129  7:41  Terran Infantry Armor Level 1  
  129  7:42  Concussive Shells  
  129  7:43  Marine x2, Marauder x2  
  129  7:44  SCV  
  135  7:45  Barracks Tech Lab  
  135  7:46  Barracks Reactor  
  138  7:58  SCV x2  
  140  7:59  Orbital Command  
  140  8:01  Supply Depot  
  140  8:10  SCV  
  140  8:12  Marauder x2  
  145  8:13  SCV  
  145  8:17  Marauder  
  148  8:21  Liberator x2  
  148  8:22  SCV  
  148  8:33  Marauder  
  152  8:34  Marauder  
  152  8:38  Marauder, Marine  
  150  8:49  SCV x2, Command Center  
  150  8:55  Marauder  
  151  8:56  Marauder  
  151  8:57  Marine x2  
  151  8:58  Marine  
  151  8:59  Marauder  
  117  9:11  Marine, Liberator  
  117  9:13  Liberator  
  117  9:15  Marine x2  
  117  9:16  Marauder, Widow Mine x2  
  122  9:17  Marauder  
  122  9:21  Marauder  
  124  9:25  Marine  
  124  9:26  Refinery  
  124  9:27  Refinery  
  124  9:28  Marine  
  131  9:33  Marine x2  
  131  9:37  Marauder  
  137  9:38  Marauder  
  137  9:42  Marauder  
  137  9:43  Marine  
  137  9:44  Widow Mine x2  
  144  9:46  Marine  
  144  9:47  SCV  
  144  9:48  SCV x2  
  144  9:52  Marine x2  
  148  9:59  Marauder  
  154  10:00  Marauder  
  153  10:08  Marauder, Engineering Bay, Armory  
  153  10:09  Marine  
  155  10:15  Widow Mine  
  155  10:16  Widow Mine  
  155  10:17  Medivac x2  
  155  10:20  Marauder  
  163  10:21  Marauder  
  163  10:27  Marine x2  
  165  10:30  Marauder  
  167  10:37  Widow Mine x2  
  167  10:42  Marauder x2  
  158  10:51  Marauder  
  146  10:58  SCV  
  146  10:59  SCV  
  146  11:02  Marine x2  
  146  11:03  Marauder  
  141  11:05  SCV  
  140  11:12  SCV x3  
Show
View Real Time Build Order
Export as new Build Order

ShaDoWn Protoss - Winner!

Build Orders: 1 Gate Expand, Double Forge, Blink Stalkers 

Get SALT Encoding   

  12  0:00  Probe  
  13  0:12  Probe  
  14  0:17  Pylon  
  14  0:24  Probe  
  15  0:32  Probe  
  15  0:37  Gateway  
  15  0:40  Probe  
  16  0:49  Assimilator  
  17  0:51  Probe  
  18  1:03  Probe  
  19  1:15  Probe  
  20  1:25  Cybernetics Core  
  20  1:33  Nexus  
  20  1:36  Probe  
  21  1:43  Pylon  
  21  1:48  Probe  
  21  1:51  Assimilator  
  22  1:56  Adept  
  22  2:01  Probe  
  23  2:06  Warp Gate  
  25  2:13  Probe  
  25  2:17  Stalker  
  25  2:25  Probe  
  28  2:37  Probe  
  28  2:41  Probe  
  29  2:49  Probe x2  
  29  2:50  Stalker  
  29  2:51  Twilight Council  
  34  2:59  Probe  
  34  3:01  Probe  
  36  3:10  Probe  
  37  3:13  Probe  
  37  3:17  Blink  
  37  3:18  Probe  
  38  3:25  Probe  
  38  3:26  Probe  
  40  3:30  Gateway  
  40  3:33  Robotics Facility  
  41  3:37  Probe x2  
  41  3:39  Pylon  
  41  3:49  Probe x2  
  41  3:54  Stalker  
  45  3:59  Gateway  
  45  4:02  Probe x2  
  47  4:03  Assimilator  
  47  4:13  Observer  
  47  4:14  Probe x2  
  49  4:19  Pylon  
  49  4:22  Stalker  
  52  4:25  Stalker  
  52  4:30  Nexus  
  54  4:34  Pylon  
  54  4:36  Observer  
  54  4:37  Probe  
  56  4:45  Stalker  
  56  4:46  Probe  
  59  4:53  Stalker  
  59  4:55  Probe  
  59  4:57  Observer  
  59  4:58  Forge  
  59  4:59  Forge, Probe  
  64  5:07  Probe  
  64  5:09  Stalker x2  
  64  5:11  Probe  
  70  5:22  Pylon  
  70  5:28  Gateway x2  
  70  5:29  Observer, Gateway  
  70  5:40  Probe x2  
  70  5:41  Probe  
  73  5:44  Immortal  
  73  5:47  Protoss Ground Armor Level 1  
  73  5:49  Protoss Ground Weapons Level 1  
  73  5:52  Probe  
  73  5:55  Probe x2  
  80  6:00  Observer  
  80  6:04  Probe  
  80  6:07  Probe  
  80  6:11  Immortal, Gateway  
  82  6:12  Sentry  
  82  6:13  Gateway  
  82  6:14  Zealot  
  82  6:17  Pylon  
  86  6:25  Probe  
  91  6:28  Probe  
  92  6:36  Zealot, Pylon  
  92  6:37  Zealot, Adept x2, Pylon  
  92  6:38  Pylon  
  100  6:42  Charge  
  100  6:44  Photon Cannon  
  104  6:54  Immortal  
  104  6:56  Zealot x2  
  104  7:00  Zealot x4  
  116  7:06  Zealot  
  118  7:12  Sentry  
  120  7:20  Observer  
  120  7:22  Probe x2  
  108  7:25  Probe  
  108  7:26  Stalker x4  
  117  7:33  Observer  
  117  7:34  Probe x2  
  117  7:36  Probe  
  120  7:38  Warp Prism  
  120  7:42  Probe  
  122  7:44  Probe  
  122  7:46  Probe  
  125  7:59  Observer  
  125  8:01  Observer, Robotics Bay  
  125  8:02  Protoss Ground Armor Level 2, Pylon  
  125  8:05  Pylon  
  125  8:06  Assimilator x2, Pylon  
  125  8:20  Probe x3  
  125  8:24  Stalker  
  125  8:26  Protoss Ground Weapons Level 2  
  130  8:32  Zealot x4, Probe x3  
  125  8:41  Zealot x2  
  125  8:43  Stalker  
  125  8:44  Probe x2  
  133  8:53  Zealot x5  
  137  8:57  Colossus  
  137  9:02  Zealot x2  
  117  9:04  Probe  
  117  9:07  Stalker  
  113  9:17  Extended Thermal Lance  
  113  9:21  Assimilator  
  113  9:23  Sentry, Zealot x3  
  120  9:29  Nexus  
  120  9:36  Colossus  
  120  9:37  Pylon  
  120  9:40  Zealot x2  
  130  10:04  Stalker x4  
  130  10:05  Sentry  
  140  10:17  Colossus  
  140  10:29  Sentry  
  140  10:30  Zealot x4  
  140  10:33  Pylon  
  156  10:35  Pylon  
  152  10:42  Observer  
  152  10:46  Zealot x3  
  156  10:52  Zealot x3  
  156  11:05  Zealot x2  
  150  11:18  Stalker x5  
  164  11:23  Zealot  
Tags
 
Add a new tag
Caveats
  • Supply blocks, unpowered buildings, or Contaminate may cause inaccurate times.
  • Supply counts are checked every 10 seconds.